 Dungeon Crawl Stone Soup version 0.14.2 (webtiles) character file.

58 FuckCats the Insei (level 2, 0/24 HPs)
             Began as a Mummy Monk on Feb 4, 2016.
             Slain by a bat (1 damage)
             ... on Level 1 of the Dungeon.
             The game lasted 00:00:45 (613 turns).

FuckCats the Insei (Mummy Monk)                      Turns: 613, Time: 00:00:45

HP   0/24        AC  0     Str 14      XL: 2   Next: 89%
MP   2/2         EV 13     Int  9      God:
Gold 32          SH  0     Dex 14      Spells:  0 memorised,  1 level left

rFire  x . .     SeeInvis .       - Unarmed
rCold  + . .     Clarity  .     (no armour)
rNeg   + + +     Conserve .     (no shield)
rPois  +         rCorr    .     (no helmet)
rElec  .         rRot     +     (no cloak)
SustAb . .       Spirit   .     (no gloves)
rMut   .         Warding  .     (no boots)
Saprov . . .     Stasis   .     (no amulet)
MR     .....                    (no ring)
                                (no ring)

@: not resistant to hostile enchantments, fairly stealthy
A: no food or potions, fire vulnerability, restore body, cold resistance 1, life
protection 3, poison resistance, torment resistance, unbreathing
a: no special abilities


You were on level 1 of the Dungeon.
You were not hungry.

You visited 1 branch of the dungeon, and saw 1 of its levels.

You collected 32 gold pieces.


Innate Abilities, Weirdness & Mutations

You do not eat or drink.
Your flesh is vulnerable to fire.
Your flesh is cold resistant.
You are immune to negative energy.
Your system is resistant to poisons.
You are immune to unholy pain and torment.
You can survive without breathing.


   Skills:
 - Level 3.0 Fighting
 - Level 2.4 Dodging
 - Level 1.5 Stealth
 + Level 4.0 Unarmed Combat


You had one spell level left.
You didn't know any spells.

Inventory:

Scrolls
 a - a scroll of enchant weapon I {unknown}
 b - a scroll of enchant weapon II {unknown}

Dungeon Overview and Level Annotations

Branches:
Dungeon (1/15)

Altars:

···[ ▒·▒▒·▒
·······>·▒▒·▒▒·▒▒▒▒▒▒▒
·······················
▒···▒▒▒▒▒▒▒▒·▒▒·▒▒▒▒▒▒▒
▒▒▒▒·♣·♣▒ ▒·▒▒·▒▒▒▒
▒·······▒ ▒·▒▒····▒▒
▒····♣·♣▒ ▒·▒▒·♣♣·♣♣
▒·······▒▒▒▒▒▒▒·▒▒·♣♣·♣♣▒▒
▒··$·♣g♣bM·········♣♣·P♣··
▒·······▒▒▒▒▒▒▒·▒▒·♣♣·♣♣··
▒▒▒▒▒▒▒▒▒ ▒·▒▒·♣♣·♣♣··
·?▒▒·▒······ ··▒▒·▒······
··▒▒·▒······ ▒
▒▒▒▒▒[▒····>· #▒ ▒·▒······
▒▒▒≈▒ ▒·▒······


You could see a goblin and a bat.


Message History

The goblin hits you but does no damage.
You are too injured to fight recklessly!
You are too injured to fight recklessly!
You are too injured to fight recklessly!
You are too injured to fight recklessly!
You are too injured to fight recklessly!
You are too injured to fight recklessly!
You are too injured to fight recklessly!
You are too injured to fight recklessly!
You are too injured to fight recklessly!
You are too injured to fight recklessly!
You are too injured to fight recklessly!
You are too injured to fight recklessly!
You are too injured to fight recklessly!
You are too injured to fight recklessly!
You are too injured to fight recklessly!
You are too injured to fight recklessly!
You are too injured to fight recklessly!
You are too injured to fight recklessly!
You are too injured to fight recklessly!
You are too injured to fight recklessly!
You are too injured to fight recklessly!
You are too injured to fight recklessly!
You are too injured to fight recklessly!
The bat misses you. The goblin hits you with a club.
* * * LOW HITPOINT WARNING * * *
The bat hits you.
* * * LOW HITPOINT WARNING * * *
The bat hits you.
You die...

Action                   || total
-------------------------++-------
Melee: Unarmed           ||    66
 Stab: Distracted        ||     2
       Sleeping          ||     1

Vault maps used:
D:1:      scummos_arrival_forest, serial_forest, infiniplex_forest_lined_2,
          infiniplex_forest_lined_1, infiniplex_forest_straight_4,
          infiniplex_forest_lined_1, infiniplex_forest_clump_cross,
          infiniplex_forest_end_double, infiniplex_forest_lined_1,
          infiniplex_forest_lined_1, lemuel_another_geyser

Notes
Turn   | Place    | Note
--------------------------------------------------------------
     0 | D:1      | FuckCats, the Mummy Monk, began the quest for the Orb.
     0 | D:1      | Reached XP level 1. HP: 18/18 MP: 1/1
   108 | D:1      | Reached XP level 2. HP: 18/24 MP: 2/2
   493 | D:1      | Reached skill level 4 in Unarmed Combat
   611 | D:1      | HP: 1/24 [goblin/club (6)]
   613 | D:1      | Slain by a bat

Vanquished Creatures
  A giant mite (D:1)
  An ooze (D:1)
  A bat (D:1)
  2 goblins (D:1)
  2 hobgoblins (D:1)
  3 jackals (D:1)
  A giant cockroach (D:1)
  2 kobolds (D:1)
  5 rats (D:1)
18 creatures vanquished.
